 Dungeon Crawl Stone Soup version 0.25-a0-940-gc6eaff51cc (webtiles) character file.

Game seed: 3881361125041287710, levelgen mode: deterministic

688 Hasart the Chiller (level 7, -3/36 HPs)
             Began as a Deep Elf Ice Elementalist on May 5, 2020.
             Killed from afar by an orc wizard (7 damage)
             ... with a magic dart
             ... on level 5 of the Dungeon.
             The game lasted 00:10:00 (5168 turns).

Hasart the Chiller (Deep Elf Ice Elementalist)      Turns: 5168, Time: 00:10:00

Health: -3/36      AC:  3    Str:  5    XL:     7   Next: 36%
Magic:  11/17      EV: 15    Int: 22    God:
Gold:   114        SH:  0    Dex: 15    Spells: 8/16 levels left

rFire    . . .     SeeInvis .   r - staff of cold
rCold    + + .     Gourm    .   (no shield)
rNeg     . . .     Faith    +   a - +0 robe
rPois    .         Spirit   .   (no helmet)
rElec    .         Reflect  .   (no cloak)
rCorr    .         Harm     .   (no gloves)
MR       +....                  q - +0 pair of boots
Stlth    ++........             g - amulet of faith
HPRegen  0.12/turn              x - ring of protection from magic
MPRegen  0.15/turn              A - ring of protection from cold

@: no status effects
A: no striking features
a: no special abilities


You were on level 5 of the Dungeon.
You were not hungry.

You visited 1 branch of the dungeon, and saw 5 of its levels.

You collected 210 gold pieces.
You spent 96 gold pieces at shops.

Inventory:

Hand Weapons
 f - a +2 falchion of protection
 y - a +0 quarterstaff
Armour
 a - a +0 robe (worn)
 q - a +0 pair of boots (worn)
Magical Staves
 r - an uncursed staff of cold (weapon)
Jewellery
 g - an amulet of faith (around neck)
 x - a ring of protection from magic (left hand)
 A - a ring of protection from cold (right hand)
Wands
 n - a wand of random effects (18)
 u - a wand of enslavement (10)
Scrolls
 b - 7 scrolls of remove curse
 d - 2 scrolls of amnesia
 h - a scroll of fear {unknown}
 i - 2 scrolls of magic mapping
 j - 2 scrolls of identify
 k - a scroll of immolation {unknown}
 p - a scroll of teleportation {unknown}
 s - 2 scrolls of random uselessness {unknown}
 v - a scroll of enchant armour {unknown}
Potions
 e - 4 potions of heal wounds
 l - a potion of stabbing {unknown}
 m - a potion of degeneration {unknown}
 o - a potion of magic {unknown}
 t - 2 potions of curing {unknown}
 w - a potion of cancellation {unknown}
Comestibles
 c - 5 rations


   Skills:
 + Level 1.4 Staves
 + Level 4.8 Dodging
 - Level 2.4 Stealth
 + Level 5.4 Spellcasting
 + Level 2.8 Summonings
 * Level 7.0 Ice Magic
 + Level 1.9 Evocations


You had 8 spell levels left.
You knew the following spells:

 Your Spells              Type           Power        Failure   Level  Hunger
a - Freeze                Ice            ####         1%          1    None
b - Frozen Ramparts       Ice            ######       1%          3    ##.....
c - Summon Ice Beast      Ice/Summ       #####...     13%         4    ####...

Your spell library contained the following spells:

 Spells                   Type           Power        Failure   Level  Hunger
 Ozocubu's Armour         Chrm/Ice       ####....     7%          3    ##.....
 Infusion                 Chrm           #...         10%         1    None
 Shroud of Golubria       Chrm/Tloc      #.....       14%         2    None
 Song of Slaying          Chrm           #.......     14%         2    None
 Hailstorm                Conj/Ice       ####....     22%         4    ####...
 Spectral Weapon          Hex/Chrm       #.......     28%         3    ##.....


Dungeon Overview and Level Annotations

Branches:
Dungeon (5/15)
 Temple: D:4-7

Altars:
Trog
Xom

Shops:
D:4 *


Message History

You kill the orc!
The orc wizard hits you but does no damage.
Casting: Freeze (safe; 1% risk of failure)
Confirm with . or Enter, or press ? or * to list all spells.
Aiming: Freeze (safe; 1% risk of failure)
Press: ? - help, Shift-Dir - straight line, f/p - orc wizard
Aim: an orc wizard, wielding a +0 dagger and wearing a +0 robe (severely wounded)
You feel a surge of power!
You freeze the orc wizard!
You kill the orc wizard!
The orc wizard hits you with a +0 dagger.
* * * LOW HITPOINT WARNING * * *
Unknown command.
The frozen ramparts melt away.
The orc wizard points at you and mumbles some strange words.
The magic dart hits you.
* * * LOW HITPOINT WARNING * * *
The orc priest miscasts a cantrip.
The orc wizard gestures at you while chanting.
The magic dart hits you!
You die...

#..##..)###.#.#.#
#<.####.#...#.#.#
#..####.#...#.#.#
#.......#.......#
##.#######........
#......####.......
#...>.............
#......#####......
#@.....# #......
#......# #######
#o.....# #))....##
#........
#$.......
#.........
##o.......
#.........


You could see an orc priest and an orc wizard.

Vanquished Creatures
  A sky beast (D:5)
  An ogre (D:4)
  A scorpion (D:4)
  2 orc priests (D:5)
  2 iguanas (D:5)
  5 orc wizards
  A hound skeleton (D:4)
  4 adders
  A shadow imp (D:5)
  An adder skeleton (D:2)
  4 worms
  3 dart slugs
  12 orcs
  4 bats
  3 giant cockroaches
  4 goblins
  4 hobgoblins (D:1)
  13 jackals (D:1)
  5 quokkas
  6 frilled lizards
  A jackal skeleton (D:4)
  9 kobolds
  11 rats
98 creatures vanquished.

Vanquished Creatures (collateral kills)
  A phantom (D:4)
1 creature vanquished.

Grand Total: 99 creatures vanquished

Notes
Turn   | Place    | Note
-------+----------+-------------------------------------------
     0 | D:1      | Hasart the Deep Elf Ice Elementalist began the quest for
                  | the Orb.
     0 | D:1      | Reached XP level 1. HP: 10/10 MP: 6/6
   112 | D:1      | Reached XP level 2. HP: 2/15 MP: 0/8
   744 | D:1      | Reached skill level 5 in Ice Magic
   846 | D:1      | Reached XP level 3. HP: 19/19 MP: 7/10
  1545 | D:2      | Learned a level 3 spell: Frozen Ramparts
  1976 | D:2      | Reached XP level 4. HP: 24/24 MP: 9/11
  2533 | D:3      | Learned a level 4 spell: Summon Ice Beast
  3504 | D:4      | Noticed an ogre
  3519 | D:4      | Killed an ogre
  3519 | D:4      | Reached skill level 1 in Summonings
  3519 | D:4      | Reached XP level 5. HP: 28/28 MP: 10/13
  3549 | D:4      | Found a shimmering altar of Xom.
  3699 | D:4      | Reached skill level 6 in Ice Magic
  3738 | D:4      | Noticed a phantom
  3815 | D:4      | Found Gogo's Assorted Antiques.
  3832 | D:4      | Bought a lead wand for 96 gold pieces
  4088 | D:4      | Killed a phantom
  4088 | D:4      | Reached XP level 6. HP: 26/32 MP: 11/15
  4539 | D:4      | Found a bloodstained altar of Trog.
  4560 | D:4      | Reached skill level 5 in Spellcasting
  4560 | D:4      | Reached skill level 1 in Evocations
  4952 | D:5      | Entered Level 5 of the Dungeon
  5068 | D:5      | Noticed a sky beast
  5076 | D:5      | Killed a sky beast
  5076 | D:5      | Reached skill level 1 in Staves
  5076 | D:5      | Reached XP level 7. HP: 36/36 MP: 10/16
  5160 | D:5      | Reached skill level 7 in Ice Magic
  5168 | D:5      | Killed from afar by an orc wizard

Levels and vault maps discovered:
D:1:      psy_arrival_terrarium, layout_rooms, minmay_tetromino_i4
D:2:      layout_basic, first_ration
D:3:      minmay_door_path, layout_basic, kennysheep_small_spiral,
          grunt_ministairs_10, minmay_misc_feat_diagonals
D:4:      layout_basic, lemuel_doored_altar, lightli_temple_of_fire,
          serial_shops, shop_statue, minmay_fractal_squares_diagonal_5
D:5:      layout_basic, kennysheep_mini_moat, lemuel_old_faithful, uniq_edmund

Skill      XL: |  1  2  3  4  5  6  7 |
---------------+----------------------+-----
Ice Magic      | 5 6 7 |  7.0
Dodging        | 3 4 |  4.8
Spellcasting   | 4 5 |  5.4
Summonings     | 1 2 |  2.8
Evocations     | 1 |  1.9
Staves         | 1 |  1.4
Stealth        | |  2.4

Action                   |  1- 3 |  4- 6 |  7- 9 || total
-------------------------+-------+-------+-------++-------
Melee: Dagger            |     9 |       |       ||     9
       Mace              |       |    12 |       ||    12
       Quarterstaff      |       |     9 |       ||     9
       Staff             |       |    19 |       ||    19
 Cast: Freeze            |    76 |    63 |     5 ||   144
       Frozen Ramparts   |       |     8 |     2 ||    10
       Summon Ice Beast  |       |     1 |       ||     1
  Use: Scroll            |       |     4 |       ||     4
  Eat: Chunk             |     3 |    10 |       ||    13
Armor: Robe              |    17 |    10 |     1 ||    28
Dodge: Dodged            |    42 |    71 |     1 ||   114

Table legend:
 A = Non-vault XP
 B = Vault XP
 C = Vault XP percentage of total XP
 D = Non-vault monster count
 E = Vault monster count
 F = Vault count percentage of total count
                 A         B        C        D         E       F
            +---------+---------+-------+---------+---------+-------
      Total |     831 |     153 |  15.5 |      86 |      13 |  13.1
            +---------+---------+-------+---------+---------+-------
        D:1 |      50 |       5 |   9.1 |      31 |       2 |   6.1
        D:2 |      51 |       0 |   0.0 |      13 |       0 |   0.0
        D:3 |      28 |       8 |  22.2 |      12 |       5 |  29.4
        D:4 |     347 |     140 |  28.7 |      19 |       6 |  24.0
        D:5 |     355 |       0 |   0.0 |      11 |       0 |   0.0
            +---------+---------+-------+---------+---------+-------
